 Dungeon Crawl Stone Soup version 0.31-a0-1144-g99969ba1bc (webtiles) character file.

Game seed: 11848316343521001549

302 Armakuni the Slasher (level 6, -3/48 HPs)
             Began as a Human Wanderer on Dec 6, 2023.
             Was an Initiate of the Shining One.
             Slain by a mummy (4 damage)
             ... in an ossuary.
             The game lasted 00:13:44 (3060 turns).

Armakuni the Slasher (Human Wanderer)               Turns: 3060, Time: 00:13:45

Health: -3/48      AC:  3    Str: 14    XL:     6   Next: 65%
Magic:  7/7        EV: 12    Int: 11    God:    the Shining One [......]
Gold:   198        SH:  4    Dex: 18    Spells: 6/7 levels left

rFire   + . .        a - +0 long sword
rCold   . . .        f - orb {light}
rNeg    . . .        d - +0 robe "Qaanay" {rF+ Str+2 Dex+2 Archmagi}
rPois   .            (no helmet)
rElec   .            g - +0 cloak
rCorr   .            (no gloves)
SInv    .            (no boots)
Will    .....        (no amulet)
Stlth   +            (no ring)
HPRegen 0.28/turn    (no ring)
MPRegen 0.10/turn

%: archmagi
@: marked, glowing
A: large bone plates 1, sturdy frame 1
a: Renounce Religion


You were in an ossuary.
You worshipped the Shining One.
The Shining One was noncommittal.
You visited 1 branch of the dungeon, and saw 4 of its levels.
You also visited: Ossuary.

You collected 198 gold pieces.

Inventory:

Hand Weapons
 a - a +0 long sword (weapon)
 b - a +0 shortbow
Missiles
 c - 6 javelins
Armour
 d - the +0 robe "Qaanay" (worn) {rF+ Str+2 Dex+2 Archmagi}
   (You found it on level 4 of the Dungeon)

   Str+2:     It affects your strength (+2).
   Dex+2:     It affects your dexterity (+2).
   rF+:       It protects you from fire.
   Archmagi:  It increases the power of your magical spells.
 e - a +0 ring mail
 f - an orb of light (worn)
 g - a +0 cloak (worn)
Wands
 p - a wand of polymorph (3)
Potions
 X - a potion of mutation


   Skills:
 - Level 4.0 Fighting
 - Level 4.4 Long Blades
 + Level 1.4 Armour
 + Level 1.4 Dodging
 - Level 1.0 Spellcasting
 - Level 4.0 Air Magic
 - Level 2.0 Evocations


You had 6 spell levels left.
You knew the following spells:

 Your Spells              Type           Power      Damage    Failure   Level
a - Shock                 Conj/Air       28%        1d4       14%         1

Your spell library contained the following spells:

 Spells                   Type           Power      Damage    Failure   Level
 Swiftness                Air            14%        N/A       19%         3
 Ensorcelled Hibernation  Hex/Ice        0%         N/A       43%         2
 Jinxbite                 Hex            0%         N/A       43%         2
 Mephitic Cloud           Conj/Pois/Air  5%         N/A       50%         3
 Stone Arrow              Conj/Erth      0%         3d7       67%         3
 Anguish                  Hex/Necr       0%         N/A       97%         4
 Animate Armour           Summ/Erth      0%         N/A       97%         4
 Lehudib's Crystal Spear  Conj/Erth      0%         10d2      100%        8


Dungeon Overview and Level Annotations

Branches:
Dungeon (4/15)            Ossuary (1/1)
 Temple: D:4-7

Altars:
Gozag
Makhleb
Vehumet
Wu Jian
The Shining One


Innate Abilities, Weirdness & Mutations

You are partially covered in large bone plates. (SH +4)
Your movements are slightly less encumbered by armour. (ER -2)


Message History

Unknown command.
You feel extremely strange.
You feel less encumbered by your armour.
Large bone plates grow over parts of your arms.
The hobgoblin zombie hits you. The centaur zombie hits you.
The centaur zombie closely misses you.
The hobgoblin zombie sets off the alarm!
The alarm trap emits a blaring wail!
The mark upon you grows brighter.
Unknown command.
You slash the hobgoblin zombie!
You destroy the hobgoblin zombie!
The Shining One accepts your kill. The centaur zombie hits you.
* * * LOW HITPOINT WARNING * * *
The centaur zombie barely misses you.
The hobgoblin zombie fails to trigger a net trap.
The mummy hits you but does no damage. The centaur zombie closely misses you.
The centaur zombie kicks you.
* * * LOW HITPOINT WARNING * * *
You slash the centaur zombie!
The centaur zombie is almost destroyed.
The centaur zombie misses you.
The centaur zombie kicks you but does no damage.
The centaur zombie hits you.
* * * LOW HITPOINT WARNING * * *
The centaur zombie kicks you.
* * * LOW HITPOINT WARNING * * *
You slash the mummy!
The mummy is heavily damaged.
The centaur zombie hits you but does no damage.
The centaur zombie closely misses you. The mummy hits you!
* * * LOW HITPOINT WARNING * * *
The centaur zombie closely misses you. The centaur zombie misses you.
You hit the mummy.
The mummy is severely damaged.
The centaur zombie barely misses you.
The centaur zombie completely misses you.
The mummy closely misses you. The mummy hits you.
You die...

### #
###########@#.#.#.
##........MMMZ......
#.........ZZZ.Z^...^
#.....∩.∩.......^...
#................^.^
##........^......^..
###########.#.#.#.#
#########


You could see 3 mummies, a hobgoblin zombie and 4 centaur zombies.

Vanquished Creatures
  A centaur (D:3)
  A bullfrog (D:4)
  2 adders
  6 gnolls
  A worm (D:4)
  A dart slug (D:1)
  2 orcs
  3 endoplasms
  3 giant cockroaches
  9 goblins
  9 hobgoblins
  3 jackals (D:1)
  5 quokkas
  7 ball pythons
  5 bats
  2 frilled lizards
  A hobgoblin zombie (Ossuary)
  A kobold (D:1)
  4 rats
66 creatures vanquished.

Vanquished Creatures (collateral kills)
  An adder (D:2)
1 creature vanquished.

Grand Total: 67 creatures vanquished

Notes
Turn   | Place    | Note
-------+----------+-------------------------------------------
     0 | D:1      | Armakuni the Human Wanderer began the quest for the Orb.
     0 | D:1      | Armakuni set off with the following items: a +0 falchion, a
                  | wand of polymorph (6), a potion of curing, a +0 robe; and
                  | the following spell memorised: Shock; and the following
                  | spells available to memorise: Swiftness, Mephitic Cloud.
     0 | D:1      | Reached XP level 1. HP: 15/15 MP: 2/2
   256 | D:2      | Reached XP level 2. HP: 11/21 MP: 3/3
   700 | D:2      | Reached XP level 3. HP: 27/27 MP: 4/4
  1088 | D:1      | Reached XP level 4. HP: 34/34 MP: 5/5
  1889 | D:3      | Reached XP level 5. HP: 41/41 MP: 3/6
  2254 | D:3      | Noticed a centaur
  2265 | D:3      | Killed a centaur
  2266 | D:3      | Reached XP level 6. HP: 6/48 MP: 7/7
  2444 | D:3      | Found an opulent altar of Gozag.
  2599 | D:3      | Found a glowing golden altar of the Shining One.
  2600 | D:3      | Found a burning altar of Makhleb.
  2666 | D:3      | Found an ornate altar of the Wu Jian Council.
  2666 | D:3      | Found a radiant altar of Vehumet.
  2671 | D:3      | Became a worshipper of the Shining One
  2707 | D:4      | Identified the +0 robe "Qaanay" {rF+ Str+2 Dex+2 Archmagi}
  2859 | D:4      | Reached skill level 1 in Armour
  2859 | D:4      | Reached skill level 1 in Dodging
  3028 | D:4      | Found a sand-covered staircase.
  3039 | Ossuary  | Entered an ossuary
  3056 | Ossuary  | Gained mutation: Your movements are slightly less
                  | encumbered by armour. (ER -2) [potion of mutation]
  3056 | Ossuary  | Gained mutation: You are partially covered in large bone
                  | plates. (SH +4) [potion of mutation]
  3059 | Ossuary  | HP: 1/48 [mummy (9)]
  3060 | Ossuary  | Slain by a mummy

Illustrated notes

Levels and vault maps discovered:
D:1:      dpeg_arrival_pits, layout_rooms
D:2:      layout_loops_ring, minmay_box_of_dots
D:3:      layout_basic, nicolae_gozag_seed_capital,
          nicolae_overflow_hidden_temple, uniq_robin
D:4:      layout_loops_corners, mainiacjoe_overflow_alcove_2, enter_ossuary_1,
          uniq_crazy_yiuf_cottage
Ossuary:  ossuary_the_hunt_dpeg

Skill      XL: |  1  2  3  4  5  6 |
---------------+-------------------+-----
Fighting       | 2 3 4 |  4.0
Long Blades    | 3 4 |  4.4
Armour         | 1 |  1.4
Dodging        | 1 |  1.4
Spellcasting   | |  1.0
Air Magic      | |  4.0
Evocations     | |  2.0

Action                     |  1- 3 |  4- 6 || total
---------------------------+-------+-------++-------
  Melee: Falchion          |   102 |    98 ||   200
         Punch             |     1 |     1 ||     2
         Long sword        |       |    27 ||    27
  Throw: Throwing net      |     1 |     1 ||     2
   Cast: Shock             |       |    14 ||    14
  Evoke: Wand              |       |     3 ||     3
    Use: Scroll            |     4 |     2 ||     6
         Potion            |     2 |     5 ||     7
   Stab: Distracted        |     1 |       ||     1
 Armour: Robe              |    71 |   126 ||   197
         Skin              |       |     4 ||     4
         Leather armour    |       |     6 ||     6
  Dodge: Dodged            |    82 |   121 ||   203

Table legend: (Time is in decaauts)
 A = Elapsed time spent in this place.
 B = Non-inter-level travel time spent in this place.
 C = Inter-level travel time spent in this place.
 D = Time resting spent in this place.
 E = Time spent auto-exploring this place.
 F = Levels seen in this place.
 G = Mean time per level.
                   A        B        C        D        E       F      G
               +--------+--------+--------+--------+--------+-----+--------+
         Total |   3097 |   2982 |    115 |    610 |    578 |   5 |  619.4 |
       Dungeon |   3074 |   2959 |    115 |    610 |    578 |   4 |  768.5 |
       Ossuary |     22 |     22 |      0 |      0 |      0 |   1 |   22.0 |
               +--------+--------+--------+--------+--------+-----+--------+

Top non-repeatable levels by time:
     D:3: 1037 daAuts
     D:2: 950 daAuts
     D:1: 698 daAuts
     D:4: 387 daAuts
 Ossuary: 22 daAuts
